 Dungeon Crawl Stone Soup version 0.19.5 (webtiles) character file.

318860 Rrauwl the Severer (level 20, -2/280 HPs)
             Began as a Minotaur Berserker on Mar 12, 2017.
             Was a High Priest of Trog.
             Killed from afar by a starcursed mass (5 damage)
             ... with an accursed screaming
             ... on level 3 of the Abyss.
             The game lasted 05:03:38 (43940 turns).

Rrauwl the Severer (Minotaur Berserker)            Turns: 43940, Time: 05:03:38

Health: -2/280     AC: 12    Str: 34    XL:     20   Next: 58%
Magic:  27/27      EV: 12    Int:  6    God:    Trog [*****.]
Gold:   1684       SH:  3    Dex:  8    Spells: 0 memorised, 19 levels left

rFire  + + .     SeeInvis .     B - +8 battleaxe "Tahoiponku" {protect, rF+ rN+}
rCold  + . .     Gourm    .     c - +0 gold dragon scales "Omobb" {+Fly rPois rF+ rC+ rN+} (curse)
rNeg   + + .     Faith    .     (shield currently unavailable)
rPois  +         Spirit   .     X - +0 hat
rElec  .         Reflect  +     m - +2 cloak {rPois}
rCorr  .         Harm     .     L - +0 pair of gloves
MR     +++++                    w - +0 pair of boots
Stlth  ..........               v - +3 amulet of reflection
                                E - ring of protection from magic
                                U - ring of protection from magic

@: berserking, corroded, protection aura, regenerating, very quick
A: retaliatory headbutt, horns 2, molten scales 1, slimy green scales 1, clever
1, clumsy 2, sense surroundings 1, wild magic 1
a: Berserk, Trog's Hand, Brothers in Arms, Burn Spellbooks, Renounce Religion,
Evoke Flight
}: 2/15 runes: barnacled, gossamer


You were on level 3 of the Abyss.
You worshipped Trog.
Trog was extremely pleased with you.
You were not hungry.

You visited 6 branches of the dungeon, and saw 32 of its levels.
You visited the Abyss 2 times.

You collected 3991 gold pieces.
You spent 2307 gold pieces at shops.

Inventory:

Hand Weapons
 B - the +8 battleaxe "Tahoiponku" (weapon) {protect, rF+ rN+}
   (You found it on level 4 of the Lair of Beasts)

   It protects the one who uses it against injury (+AC on strike).
   It protects you from fire.
   It protects you from negative energy.
 I - the +7 great mace "Undeadhunter" {disrupt, rN+}
   (You found it on level 4 of the Spider Nest)

   It protects you from negative energy.
Missiles
 b - 6 tomahawks of dispersal (quivered)
 d - 338 sling bullets
 g - 8 tomahawks of returning
Armour
 c - the cursed +0 gold dragon scales "Omobb" (worn) {+Fly rPois rF+ rC+ rN+}
   (You bought it in a shop on level 14 of the Dungeon)

   It protects you from fire.
   It protects you from cold.
   It protects you from poison.
   It protects you from negative energy.
   It lets you fly.
   It has a curse placed upon it.
 m - a +2 cloak of poison resistance (worn)
 w - a +0 pair of boots (worn)
 L - a +0 pair of gloves (worn)
 X - a +0 hat (worn)
Jewellery
 a - an uncursed ring of protection from fire
 l - an uncursed ring of flight
 v - a +3 amulet of reflection (around neck)
 D - an uncursed ring of protection from cold
 E - a ring of protection from magic (right hand)
 G - an uncursed ring of positive energy
 U - a ring of protection from magic (left hand)
Wands
 f - a wand of flame (8/48)
 h - a wand of iceblast (3/15)
 A - a wand of polymorph (8/24)
 J - a wand of lightning (9/15)
 K - a wand of acid (6/15)
 O - a wand of heal wounds (5/9)
Scrolls
 e - 20 scrolls of identify
 i - 9 scrolls of remove curse
 n - 6 scrolls of teleportation
 o - 3 scrolls of fog
 y - a scroll of recharging
 Q - 2 scrolls of summoning
Potions
 V - 2 potions of curing
Miscellaneous
 j - a phantom mirror
 p - a fan of gales
Comestibles
 k - 6 chunks of flesh


   Skills:
 + Level 17.9 Fighting
 + Level 19.9(22.0) Axes
 + Level 17.2(20.7) Maces & Flails
 + Level 9.7 Throwing
 + Level 18.3 Armour
 + Level 12.7 Dodging
 - Level 4.0 Stealth
   Level 11.0 Shields
 - Level 11.0 Evocations


You had 19 spell levels left.
You didn't know any spells.

Dungeon Overview and Level Annotations

Branches:
Dungeon (15/15)            Temple (0/1) D:4            Lair (6/6) D:11
 Shoals (4/4) Lair:2       Spider (4/4) Lair:3        Slime (0/5) Lair:5
    Orc (2/2) D:10            Elf (0/3) Orc:2        Vaults (0/5) D:14
 Depths (1/5) D:15

Altars:
Ashenzari
Cheibriados
Elyvilon
Kikubaaqudgha
Nemelex Xobeh
Qazlal
Sif Muna
Vehumet
The Shining One
Jiyva

Shops:
D:10 *   D:11 (   D:14 [   Orc:2 }([}   Depths:1 [

Portals:
Hell: Depths:1
Abyss: Depths:1
Trove: Depths:1 (give wand of hasting (9))


Innate Abilities, Weirdness & Mutations

You reflexively headbutt those who attack you in melee.
You have a pair of horns on your head.
You are partially covered in molten scales. (AC +2)
You are partially covered in slimy green scales. (AC +2)
Your mind is acute. (Int +2)
You are very clumsy. (Dex -4)
You passively map a small area around you.
Your spells are a little harder to cast, but a little more powerful.


Message History

The thrashing horror is heavily damaged.
The thrashing horror tramples you but does no damage.
The thrashing horror closely misses you.
You are too berserk!
You are too berserk!
You closely miss the thrashing horror.
The thrashing horror is heavily damaged.
The thrashing horror closely misses you.
The thrashing horror tramples you.
* * * LOW HITPOINT WARNING * * *
You hold your ground!
You hit the thrashing horror but do no damage.
Your headbutt misses the thrashing horror.
The thrashing horror is heavily damaged.
The thrashing horror tramples you.
* * * LOW HITPOINT WARNING * * *
You hold your ground!
The thrashing horror tramples you but does no damage.
The starcursed mass shrieks in your mind.
You die... .....#. . ## . ..#..#..## # .......#.. ##...#...... .... ...
XX....

#h#
#X#
#@# #
### #
.# #
#.#.
# ..
. #
#.###
# .
## #
.. ..
. >..
. ..
. ..
. .#
..
...
....
. .


You could see a starcursed mass, a thrashing horror, a large abomination and a
raiju.

Vanquished Creatures
  An ancient lich (Abyss:1)
  the Enchantress (Depths:1)
  4 liches
  Rupert (D:13)
  A Tzitzimitl (Depths:1)
  11 tentacled starspawn
  2 krakens
  2 Executioners
  Agnes (D:14)
  Frances (D:14)
  Ilsuiw (Shoals:4)
  The ghost of Laauton the Severer, an adept GrBe of Trog (Spider:4)
  5 ghost moths
  4 emperor scorpions
  Aizul (Spider:4)
  A draconian zealot (Abyss:3)
  5 reapers
  A draconian annihilator (Abyss:3)
  4 very ugly things
  The ghost of Andre the Severer, a journeyman MiBe of Trog (Spider:1)
  3 spriggan defenders (Depths:1)
  5 entropy weavers
  4 stone giants (Depths:1)
  A lorocyproca (Abyss:3)
  A white draconian (Abyss:3)
  A spark wasp (Spider:4)
  A blizzard demon (Abyss:3)
  4 merfolk javelineers
  3 deep elf death magi (Depths:1)
  A fire dragon (Depths:1)
  11 merfolk impalers
  A quicksilver dragon zombie (Abyss:3)
  3 yaktaur captains
  Josephine (Orc:1)
  An ogre mage (Depths:1)
  4 rakshasas
  4 hydras
  2 alligator snapping turtles (Shoals:3)
  2 ice dragons (Depths:1)
  Harold (Lair:4)
  2 spriggan air magi (Depths:1)
  A juggernaut simulacrum (Depths:1)
  3 satyrs
  7 merfolk aquamancers
  3 centaur warriors
  2 merfolk avatars
  A dancing weapon (Abyss:3)
  2 death knights
  3 deep troll shamans (Depths:1)
  3 deep troll earth magi (Depths:1)
  5 death yaks (Lair:6)
  10 thrashing horrors (Abyss:3)
  A vampire mage (Depths:1)
  A spriggan berserker (Depths:1)
  A titan zombie (Abyss:3)
  A hell knight (Abyss:3)
  3 soul eaters (Depths:1)
  4 orc high priests
  3 sixfirhies
  Sonja (Orc:2)
  2 titan skeletons (Depths:1)
  3 shadow wraiths
  7 wretched stars
  14 sea snakes
  3 unseen horrors
  26 starcursed masses
  2 flayed ghosts
  6 deep trolls (Depths:1)
  6 hill giants
  2 wizards (Depths:1)
  A phantasmal warrior (Abyss:1)
  5 glowing orange brains
  4 orc knights (Orc:2)
  11 harpies
  An anaconda skeleton (Abyss:3)
  A deep elf mage (D:12)
  8 necromancers
  A tengu skeleton (Depths:1)
  17 orb spiders
  4 orc sorcerers (Orc:2)
  36 wolf spiders
  2 fire giant zombies (Depths:1)
  8 manticores
  5 worldbinders
  A frost giant zombie (Depths:1)
  7 cyclopes
  A stone giant zombie (Abyss:3)
  15 ugly things
  5 fauns
  A moth of wrath (Spider:1)
  Maurice (D:11)
  4 fire giant skeletons
  A stone giant skeleton (Depths:1)
  3 apocalypse crabs
  A black mamba (Lair:6)
  Joseph (D:10)
  7 smoke demons
  5 elephants (Lair:5)
  An iron dragon skeleton (Depths:1)
  2 rust devils (Abyss:3)
  10 sirens
  Psyche (D:12)
  8 water nymphs
  An ice statue (D:14)
  3 gargoyles
  4 torpor snails
  16 spiny frogs
  2 kobold demonologists (D:13)
  A yaktaur zombie (Depths:1)
  A catoblepas skeleton (Abyss:3)
  3 orange demons
  3 komodo dragons
  10 yaktaurs
  4 efreet
  An emperor scorpion zombie (Abyss:2)
  17 demonic crawlers
  A hellion (Abyss:1)
  A yaktaur (shapeshifter) (Abyss:1)
  2 freezing wraiths
  2 komodo dragons (shapeshifter)
  7 ancient zymes
  2 golden dragon simulacra (Depths:1)
  4 polar bears
  4 trolls
  14 hornets
  32 merfolk
  2 two-headed ogres
  A troll (shapeshifter) (D:13)
  40 jumping spiders
  5 wind drakes
  14 hippogriffs
  A shadow dragon simulacrum (Depths:1)
  19 raiju
  20 slime creatures
  16 blink frogs
  2 deep troll zombies (Depths:1)
  A frost giant simulacrum (Depths:1)
  2 fire dragon zombies (Depths:1)
  5 dream sheep
  8 snapping turtles
  An elf zombie (Depths:1)
  10 flying skulls
  2 shadows
  58 redbacks
  15 spriggans
  Sigmund (D:2)
  A fire dragon skeleton (Depths:1)
  8 wraiths
  28 yaks
  18 water elementals
  38 tarantellas
  4 hungry ghosts
  7 wyverns
  4 ynoxinuls
  Grum (D:11)
  2 neqoxecs (Abyss:3)
  3 basilisks
  5 chaos spawn
  A yaktaur simulacrum (Depths:1)
  A steam dragon (D:9)
  24 small abominations
  2 mottled dragons
  Menkaure (D:6)
  6 wargs
  Duvessa (D:7)
  13 water moccasins
  2 hell hounds (Abyss:3)
  10 porcupines
  A snapping turtle zombie (Abyss:2)
  24 large abominations
  5 black bears
  20 orc warriors
  4 sky beasts
  2 eyes of draining
  An ettin simulacrum (Depths:1)
  A phantom (D:7)
  12 ogres
  3 boggarts (Lair:6)
  14 centaurs
  10 crocodiles
  31 wolves
  The ghost of flt the Stinger, an amateur MfVM of Sif Muna (D:3)
  3 big kobolds
  21 bullfrogs
  A tengu simulacrum (Depths:1)
  Dowan (D:7)
  A wyvern skeleton (D:11)
  5 scorpions
  7 spriggan skeletons
  21 wights
  13 killer bees
  An electric eel (Spider:1)
  A troll skeleton (D:14)
  7 crimson imps
  4 howler monkeys
  3 centaur zombies
  4 jellies
  4 quasits
  10 hounds
  Crazy Yiuf (D:2)
  14 orc priests
  An iron imp (Abyss:3)
  3 bullfrog skeletons
  5 centaur skeletons
  16 orc wizards
  Ijyb (D:3)
  4 iguanas
  18 worker ants
  A killer bee zombie (D:5)
  2 hound zombies
  A hound skeleton (D:11)
  A howler monkey zombie (D:10)
  A worker ant zombie (D:11)
  A howler monkey skeleton (D:5)
  A gnoll (D:10)
  10 adders
  4 shadow imps
  5 white imps
  3 ufetubi
  2 worms (D:2)
  A dart slug (D:3)
  A leopard gecko (D:5)
  62 orcs
  6 giant cockroaches
  6 goblins
  5 hobgoblins
  10 jackals
  5 quokkas
  2 ball pythons
  11 bats
  4 frilled lizards
  A jackal zombie (D:5)
  18 kobolds
  6 rats
  3 bushes (Shoals:2)
  2 butterflies (Lair:5)
  3 fungi
  9 plants
  7 starspawn tentacles
  6 tentacles
1447 creatures vanquished.

Vanquished Creatures (collateral kills)
  A profane servitor (Abyss:2)
  Arachne (Spider:4)
  Gastronok (D:11)
  An emperor scorpion (Spider:4)
  A very ugly thing (Depths:1)
  2 merfolk javelineers (Shoals:4)
  A merfolk avatar (Shoals:4)
  A centaur warrior (D:13)
  A deep troll (Depths:1)
  A hill giant (D:10)
  An orb spider (Spider:4)
  A faun (Shoals:4)
  A wolf spider (Spider:4)
  An elephant (D:11)
  A worldbinder (Abyss:2)
  A black mamba (Lair:4)
  A komodo dragon (Lair:4)
  A yaktaur (Depths:1)
  A demonic crawler (Spider:4)
  A troll (D:10)
  A polar bear (Lair:4)
  A merfolk (Shoals:4)
  6 orc warriors (D:10)
  An ogre (D:10)
  A crocodile (D:11)
  3 big kobolds (D:10)
  A gnoll sergeant (D:10)
  An iguana (D:11)
  4 gnolls (D:10)
  3 orcs
43 creatures vanquished.

Vanquished Creatures (others)
  An orb spider (Spider:4)
  A demonic crawler (Spider:4)
  A jumping spider (Spider:1)
  An ufetubus (Abyss:3)
  A bush (Lair:6)
  7 fungi (Lair:6)
  6 plants
  13 starspawn tentacles
  21 tentacles
52 creatures vanquished.

Grand Total: 1542 creatures vanquished

Notes
Turn   | Place    | Note
-------+----------+-------------------------------------------
     0 | D:1      | Rrauwl the Minotaur Berserker began the quest for the Orb.
     0 | D:1      | Reached XP level 1. HP: 19/19 MP: 0/0
   118 | D:1      | Reached XP level 2. HP: 27/27 MP: 1/1
   161 | D:1      | Reached skill level 4 in Axes
   358 | D:1      | Reached ** piety under Trog
   498 | D:2      | Reached XP level 3. HP: 24/33 MP: 2/2
   533 | D:2      | Found a runed door.
   731 | D:2      | Noticed Sigmund
   739 | D:2      | Killed Sigmund
   739 | D:2      | Reached skill level 5 in Axes
   739 | D:2      | Reached XP level 4. HP: 40/40 MP: 3/3
   739 | D:2      | Reached XP level 5. HP: 46/46 MP: 4/4
  1328 | D:2      | Noticed Crazy Yiuf
  1337 | D:2      | Killed Crazy Yiuf
  1413 | D:3      | Reached XP level 6. HP: 30/52 MP: 5/5
  1550 | D:3      | Noticed Ijyb
  1556 | D:3      | Killed Ijyb
  1598 | D:3      | Reached skill level 6 in Axes
  1833 | D:3      | Noticed flt's ghost (amateur MfVM)
  1856 | D:3      | Killed flt's ghost
  2009 | D:3      | Reached *** piety under Trog
  2049 | D:3      | Found a snail-covered altar of Cheibriados.
  2103 | D:3      | Found a shattered altar of Ashenzari.
  2106 | D:3      | Gained mutation: You are clumsy. (Dex -2) [potion of mutation]
  2106 | D:3      | Gained mutation: You are partially covered in molten scales. (AC +2) [potion of mutation]
  2106 | D:3      | Gained mutation: Your mind is acute. (Int +2) [potion of mutation]
  2115 | D:3      | Found a glowing golden altar of the Shining One.
  2274 | D:4      | Found a radiant altar of Vehumet.
  2372 | D:4      | Reached skill level 5 in Dodging
  2388 | D:4      | Found a stormy altar of Qazlal.
  2463 | D:4      | Found a staircase to the Ecumenical Temple.
  2487 | D:4      | Reached skill level 1 in Evocations
  2487 | D:4      | Reached XP level 7. HP: 47/60 MP: 6/6
  2722 | D:4      | Reached skill level 5 in Armour
  2871 | D:4      | Found a deep blue altar of Sif Muna.
  2910 | D:5      | Entered Level 5 of the Dungeon
  2952 | D:5      | Reached skill level 5 in Fighting
  2952 | D:5      | Reached skill level 7 in Axes
  3128 | D:5      | Reached skill level 8 in Axes
  3256 | D:5      | Reached XP level 8. HP: 19/68 MP: 7/7
  3500 | D:5      | Reached **** piety under Trog
  3767 | D:5      | Reached skill level 9 in Axes
  4321 | D:6      | Reached skill level 10 in Axes
  4790 | D:6      | Reached skill level 11 in Axes
  4972 | D:6      | Noticed Menkaure
  4977 | D:6      | Killed Menkaure
  5425 | D:7      | Reached XP level 9. HP: 74/74 MP: 8/8
  5437 | D:7      | Reached skill level 12 in Axes
  5802 | D:7      | Reached skill level 13 in Axes
  5936 | D:7      | Found a white marble altar of Elyvilon.
  6000 | D:7      | Noticed Duvessa
  6000 | D:7      | Noticed Dowan
  6008 | D:7      | Killed Duvessa
  6013 | D:7      | Killed Dowan
  6379 | D:8      | Reached skill level 14 in Axes
  6443 | D:8      | Reached ***** piety under Trog
  6449 | D:8      | Identified the Almanac of Lethal Aid
  6731 | D:8      | Found a sparkling altar of Nemelex Xobeh.
  7215 | D:9      | Reached XP level 10. HP: 73/81 MP: 10/10
  7340 | D:9      | Noticed a white ugly thing
  7340 | D:9      | Noticed a gargoyle
  7340 | D:9      | Noticed a gargoyle
  7340 | D:9      | Noticed a red ugly thing
  7353 | D:9      | Killed a white ugly thing
  7353 | D:9      | Reached skill level 1 in Maces & Flails
  7355 | D:9      | Killed a gargoyle
  7366 | D:9      | Killed a red ugly thing
  7372 | D:9      | Killed a gargoyle
  7518 | D:9      | Noticed a four-headed hydra
  7518 | D:9      | Noticed a necromancer
  7527 | D:9      | Killed a four-headed hydra
  7531 | D:9      | Killed a necromancer
  7798 | D:9      | Reached XP level 11. HP: 79/92 MP: 11/11
  8283 | D:10     | Entered Level 10 of the Dungeon
  8302 | D:10     | Noticed a hill giant
  8329 | D:10     | Noticed a hill giant
  8338 | D:10     | Killed a hill giant
  8341 | D:10     | Killed a hill giant
  8341 | D:10     | Reached skill level 15 in Axes
  8455 | D:10     | Found a staircase to the Orcish Mines.
  8480 | D:10     | Received a gift from Trog
  8535 | D:10     | Noticed Joseph
  8558 | D:10     | Killed Joseph
  8624 | D:10     | Killed an unseen horror
  8624 | D:10     | Reached skill level 5 in Maces & Flails
  8807 | D:10     | Gained mutation: Your spells are a little harder to cast, but a little more powerful. [mutagenic meat]
  8808 | D:10     | Gained mutation: You possess an exceptional clarity of mind. [mutagenic meat]
  9039 | D:10     | Found Rasececs's Assorted Antiques.
  9047 | D:10     | Bought a scroll labeled YSYNKU KEM for 26 gold pieces
  9047 | D:10     | Bought a scroll labeled INOALU PAVIK for 26 gold pieces
  9047 | D:10     | Bought 3 scrolls labeled VEWURH MIGY for 78 gold pieces
  9379 | D:11     | Noticed Grum
  9385 | D:11     | Killed Grum
  9429 | D:11     | Found Hoasmev's Weapon Shoppe.
  9563 | D:11     | Noticed Gastronok
  9572 | D:11     | Killed Gastronok
  9576 | D:11     | Reached XP level 12. HP: 104/104 MP: 4/14
  9598 | D:11     | Got a translucent ring mail
  9609 | D:11     | Identified the +2 ring mail "Disaig" {rPois rC+} (You found it on level 11 of the Dungeon)
  9634 | D:11     | Found a staircase to the Lair.
  9845 | D:11     | Received a gift from Trog
  9951 | D:11     | Noticed Maurice
  9957 | D:11     | Killed Maurice
 10053 | Lair:1   | Entered Level 1 of the Lair of Beasts
 11188 | Lair:2   | Reached skill level 16 in Axes
 11326 | Lair:2   | Reached skill level 10 in Fighting
 11498 | Lair:2   | Reached skill level 1 in Shields
 11577 | Lair:2   | Found a staircase to the Shoals.
 11970 | Lair:2   | Reached skill level 10 in Armour
 12109 | Lair:2   | Reached ****** piety under Trog
 12109 | Lair:2   | Received a gift from Trog
 12802 | Lair:3   | Reached skill level 10 in Dodging
 13153 | Lair:3   | Found a hole to the Spider Nest.
 13447 | Lair:3   | Noticed a six-headed hydra
 13460 | Lair:3   | Killed a six-headed hydra
 13513 | Lair:4   | Reached skill level 5 in Evocations
 13531 | Lair:4   | Noticed Harold
 13540 | Lair:4   | Killed Harold
 13540 | Lair:4   | Reached XP level 13. HP: 114/114 MP: 15/15
 13545 | Lair:4   | Got a pitted battleaxe
 13557 | Lair:4   | Identified the +8 battleaxe "Tahoiponku" {protect, rF+ rN+} (You found it on level 4 of the Lair of Beasts)
 14752 | Lair:5   | Found a staircase to the Slime Pits.
 14752 | Lair:5   | Found a viscous altar of Jiyva.
 14956 | Lair:6   | Entered Level 6 of the Lair of Beasts
 15478 | Lair:6   | Reached skill level 5 in Shields
 15525 | Lair:6   | Received a gift from Trog
 16291 | Lair:6   | Reached XP level 14. HP: 124/124 MP: 17/17
 16637 | D:12     | Noticed Psyche
 16644 | D:12     | Killed Psyche
 16852 | D:12     | Reached skill level 17 in Axes
 17017 | D:13     | Noticed Rupert
 17026 | D:13     | Killed Rupert
 17034 | D:13     | Received a gift from Trog
 17633 | D:13     | Gained mutation: You have supernaturally acute eyesight. (SInv) [mutagenic meat]
 17912 | D:14     | Noticed Frances
 17930 | D:14     | Killed Frances
 17935 | D:14     | Reached skill level 10 in Maces & Flails
 18136 | D:14     | Noticed Agnes
 18150 | D:14     | Killed Agnes
 18655 | D:14     | Lost mutation: You possess an exceptional clarity of mind. [mutagenic meat]
 18677 | D:14     | Gained mutation: You are partially covered in slimy green scales. (AC +2) [mutagenic meat]
 18715 | D:14     | Found Qidac's Armour Boutique.
 18721 | D:14     | Found a gate to the Vaults.
 18723 | D:14     | Bought the cursed +0 gold dragon scales "Omobb" {+Fly rPois rF+ rC+ rN+} for 1173 gold pieces
 18817 | D:14     | HP: 8/190 [titanic slime creature (38)]
 19336 | D:15     | Entered Level 15 of the Dungeon
 19431 | D:15     | Reached XP level 15. HP: 134/134 MP: 19/19
 20155 | D:15     | Found a staircase to the Depths.
 20626 | Orc:1    | Entered Level 1 of the Orcish Mines
 20713 | Orc:1    | Noticed Josephine
 20718 | Orc:1    | Killed Josephine
 20971 | Orc:2    | Entered Level 2 of the Orcish Mines
 21074 | Orc:2    | Found a labyrinth entrance.
 21099 | Orc:2    | Noticed Sonja
 21195 | Orc:2    | Cast into level 2 of the Abyss (Sonja)
 21416 | Abyss:2  | Noticed a tentacled starspawn
 21456 | Abyss:2  | Killed a tentacled starspawn
 21530 | Abyss:2  | Received a gift from Trog
 21545 | Abyss:2  | Found a basalt altar of Yredelemnul.
 21587 | Abyss:2  | Noticed an Executioner
 21600 | Abyss:2  | Killed an Executioner
 21759 | Abyss:2  | Noticed a tentacled starspawn
 21818 | Abyss:2  | Noticed a profane servitor
 21854 | Abyss:2  | Killed a profane servitor
 21854 | Abyss:2  | Reached skill level 18 in Axes
 21857 | Orc:2    | Escaped the Abyss
 21874 | Orc:2    | Killed Sonja
 21961 | Orc:2    | Found a staircase to the Elven Halls.
 22166 | Orc:2    | Found Xodgharagg's Gadget Boutique.
 22339 | Orc:2    | Received a gift from Trog
 22339 | Orc:2    | Reached skill level 10 in Shields
 22441 | Orc:2    | Found Ajekiovvao's Antique Armour Emporium.
 22452 | Orc:2    | Bought a wand of lightning (10/15) for 140 gold pieces
 22454 | Orc:2    | Found Xelaest's Antique Weapon Emporium.
 22456 | Orc:2    | Found Icvusi's Gadget Boutique.
 22464 | Orc:2    | Bought a wand of heal wounds (4/9) for 864 gold pieces
 23187 | Spider:1 | Entered Level 1 of the Spider Nest
 24061 | Spider:1 | Noticed Andre's ghost (journeyman MiBe)
 24096 | Spider:1 | Killed Andre's ghost
 24173 | Spider:1 | Reached XP level 16. HP: 111/145 MP: 17/20
 24926 | Spider:2 | Received a gift from Trog
 27359 | Spider:3 | Received a gift from Trog
 27543 | Spider:4 | Entered Level 4 of the Spider Nest
 27976 | Spider:4 | Reached skill level 19 in Axes
 28005 | Spider:4 | Noticed Aizul
 28013 | Spider:4 | Killed Aizul
 28080 | Spider:4 | Reached skill level 15 in Armour
 28080 | Spider:4 | Reached XP level 17. HP: 117/154 MP: 0/22
 28184 | Spider:4 | Noticed Laauton's ghost (adept GrBe)
 28203 | Spider:4 | Killed Laauton's ghost
 28279 | Spider:4 | Noticed Arachne
 28290 | Spider:4 | Killed Arachne
 28718 | Spider:4 | Reached skill level 15 in Fighting
 28979 | Spider:4 | Received a gift from Trog
 29559 | Spider:4 | Got a gossamer rune of Zot
 29798 | Shoals:1 | Entered Level 1 of the Shoals
 30253 | Shoals:1 | Reached skill level 1 in Throwing
 30468 | Shoals:1 | Reached skill level 10 in Evocations
 30779 | Shoals:1 | Noticed a kraken
 30793 | Shoals:1 | Killed a kraken
 31673 | Shoals:2 | Received a gift from Trog
 33013 | Shoals:3 | Noticed a kraken
 33055 | Shoals:3 | Killed a kraken
 33055 | Shoals:3 | Reached XP level 18. HP: 143/166 MP: 24/24
 33366 | Shoals:4 | Entered Level 4 of the Shoals
 34021 | Shoals:4 | Got an ancient long sword {antimagic}
 34022 | Shoals:4 | Identified the +7 long sword of Day {antimagic, rElec rF- Dex+2} (You took it off a merfolk aquamancer on level 4 of the Shoals)
 34318 | Shoals:4 | Received a gift from Trog
 34452 | Shoals:4 | Noticed Ilsuiw
 34473 | Shoals:4 | Killed Ilsuiw
 34858 | Shoals:4 | Reached skill level 15 in Maces & Flails
 35567 | Shoals:4 | Reached skill level 5 in Throwing
 35860 | Shoals:4 | Got a barnacled rune of Zot
 36508 | Depths:1 | Entered Level 1 of the Depths
 36635 | Depths:1 | Found a portal to a secret trove of treasure.
 36664 | Depths:1 | Reached skill level 1 in Stealth
 36864 | Depths:1 | Found a gateway to Hell.
 37049 | Depths:1 | Noticed the Enchantress
 37246 | Depths:1 | Found a one-way gate to the infinite horrors of the Abyss.
 37262 | Depths:1 | Received a gift from Trog
 37523 | Depths:1 | Found an ancient bone altar of Kikubaaqudgha.
 37523 | Depths:1 | Noticed a lich
 37523 | Depths:1 | Noticed a lich
 37536 | Depths:1 | Killed a lich
 37540 | Depths:1 | Killed a lich
 37670 | Depths:1 | Reached XP level 19. HP: 109/174 MP: 26/26
 38211 | Depths:1 | Received a gift from Trog
 38725 | Depths:1 | Found Viexaitz's Specialty Armours.
 38844 | Depths:1 | Killed the Enchantress
 39038 | Depths:1 | Got faerie dragon scales
 39058 | Depths:1 | Identified the +2 faerie dragon scales {+Inv Int+2 Stlth-} (You took it off the Enchantress on level 1 of the Depths)
 39970 | Depths:1 | Noticed a Tzitzimitl
 40000 | Depths:1 | Killed a Tzitzimitl
 40019 | Depths:1 | Got a twisted rapier
 40460 | Lair:1   | Identified the cursed +0 rapier "Wuuf Koubru" {venom, SInv} (You found it on level 1 of the Depths)
 40674 | Depths:1 | Voluntarily entered the Abyss.
 41224 | Abyss:1  | Received a gift from Trog
 41380 | Abyss:1  | Received a gift from Trog
 41658 | Abyss:1  | Noticed an ancient lich
 41675 | Abyss:1  | Killed an ancient lich
 41722 | Abyss:2  | Found a corrupted altar of Lugonu.
 42310 | Abyss:3  | Reached XP level 20. HP: 110/184 MP: 27/27
 42366 | Abyss:3  | Received a gift from Trog
 42911 | Abyss:3  | Gained mutation: You passively map a small area around you. [a neqoxec]
 43115 | Abyss:3  | Found a corrupted altar of Lugonu.
 43324 | Abyss:3  | Lost mutation: You have supernaturally acute eyesight. (SInv) [a neqoxec]
 43333 | Abyss:3  | Gained mutation: You are very clumsy. (Dex -4) [a neqoxec]
 43667 | Abyss:3  | Received a gift from Trog
 43691 | Abyss:3  | HP: 7/187 [hell knight/glaive of distortion (15)]
 43692 | Abyss:3  | HP: 3/187 [starcursed mass/accursed screaming (5)]
 43745 | Abyss:3  | Received a gift from Trog
 43758 | Abyss:3  | Paralysed by accursed screaming for 1 turns
 43763 | Abyss:3  | Paralysed by accursed screaming for 2 turns
 43835 | Abyss:3  | Found a corrupted altar of Lugonu.
 43886 | Abyss:3  | Paralysed by accursed screaming for 1 turns
 43887 | Abyss:3  | HP: 8/187 [entropy weaver (8)]
 43897 | Abyss:3  | Paralysed by accursed screaming for 1 turns
 43936 | Abyss:3  | HP: 14/280 [thrashing horror (9)]
 43937 | Abyss:3  | HP: 6/280 [thrashing horror (9)]
 43940 | Abyss:3  | Killed from afar by a starcursed mass

Skill      XL: |  1  2  3  4  5  6  7  8  9 10 11 12 13 14 15 16 17 18 19 20 |
---------------+-------------------------------------------------------------+-----
Axes           | 4 5 6 8 11 14 15 16 17 18 19 | 19.9
Fighting       | 4 5 7 9 10 11 12 13 14 15 16 17 | 17.9
Armour         | 4 5 7 9 10 11 12 13 15 16 17 18 | 18.3
Dodging        | 3 4 5 7 8 10 11 12 | 12.7
Evocations     | 1 2 4 5 6 7 8 10 11 | 11.0
Maces & Flails | 4 5 6 8 10 11 13 14 15 16 17 | 17.2
Shields        | 3 5 8 10 11 | 11.0
Throwing       | 3 6 8 9 |  9.7
Stealth        | 3 4 |  4.0

Action                   |  1- 3 |  4- 6 |  7- 9 | 10-12 | 13-15 | 16-18 | 19-21 || total
-------------------------+-------+-------+-------+-------+-------+-------+-------++-------
Melee: Hand axe          |    81 |   134 |   383 |    78 |       |       |       ||   676
       Headbutt          |    13 |    16 |    79 |   114 |   229 |   312 |   267 ||  1030
       Morningstar       |       |       |       |   125 |     5 |       |       ||   130
       Dire flail        |       |       |       |    83 |     6 |       |       ||    89
       Executioner's axe |       |       |       |   285 |     3 |       |       ||   288
       War axe           |       |       |       |    28 |       |       |       ||    28
       Battleaxe         |       |       |       |       |  1052 |  1460 |   919 ||  3431
       Great mace        |       |       |       |       |       |    30 |    36 ||    66
Throw: Tomahawk          |       |       |       |     9 |       |     1 |       ||    10
Invok: Berserk           |     1 |     2 |     6 |     4 |    18 |    25 |    19 ||    75
       Trog's Hand       |     1 |       |     3 |     1 |     1 |     5 |     6 ||    17
       Brothers in Arms  |       |       |       |     3 |     5 |    13 |       ||    21
Evoke: Wand              |       |       |     1 |     1 |    11 |    17 |    39 ||    69
       Sack of spiders   |       |       |       |       |     1 |       |       ||     1
  Use: Potion            |     1 |     7 |     3 |     4 |    10 |     4 |     6 ||    35
       Scroll            |     1 |     5 |     6 |    11 |    13 |     8 |    19 ||    63
 Stab: Distracted        |       |       |       |       |       |     3 |       ||     3
  Eat: Chunk             |       |     3 |    18 |    21 |    48 |    38 |    12 ||   140
       Bread ration      |       |     1 |       |     1 |       |     1 |     1 ||     4
       Fruit             |       |       |     4 |       |     6 |     6 |    11 ||    27
       Pizza             |       |       |     1 |     2 |     2 |     5 |     6 ||    16
       Beef jerky        |       |       |       |     1 |     1 |     3 |     1 ||     6
       Meat ration       |       |       |       |       |     1 |     3 |       ||     4
       Royal jelly       |       |       |       |       |       |       |     4 ||     4
Armor: Animal skin       |     6 |       |       |       |       |       |       ||     6
       Scale mail        |    28 |    42 |   122 |    90 |       |       |       ||   282
       Chain mail        |       |       |       |   236 |   281 |       |       ||   517
       Gold dragon scale |       |       |       |       |   351 |  1206 |   519 ||  2076
Dodge: Dodged            |    52 |    61 |   165 |   313 |   446 |   651 |   325 ||  2013
Block: Other             |       |       |       |       |    67 |   158 |    90 ||   315
       Reflection        |       |       |       |       |     2 |     4 |     3 ||     9
